 Dungeon Crawl Stone Soup version 0.28.0-45-g0d030f2227 (webtiles) character file.

Game seed: 15500593580819703571

89 raph the Poker (level 4, -1/33 HPs)
             Began as a Merfolk Gladiator on May 27, 2022.
             Killed by divine providence
             ... invoked by an orc priest
              (15 damage)
             ... on level 4 of the Dungeon.
             The game lasted 00:02:43 (2444 turns).

raph the Poker (Merfolk Gladiator)                  Turns: 2444, Time: 00:02:43

Health: -1/33      AC:  5    Str: 14    XL:     4   Next: 55%
Magic:  4/4        EV: 28    Int:  7    God:
Gold:   149        SH:  0    Dex: 17    Spells: 3/3 levels left

rFire   . . .      SeeInvis +   a - +0 trident
rCold   . . .      Faith    .   (no shield)
rNeg    . . .      Spirit   .   b - +0 leather armour
rPois   .          Reflect  .   c - +0 helmet
rElec   .          Harm     .   (no cloak)
rCorr   .          Rampage  .   e - +0 pair of gloves
Will    .....                   (no boots)
Stlth   +.........              h - amulet of the acrobat
HPRegen 0.11/turn               m - ring of see invisible
MPRegen 0.09/turn               (no ring)

@: acrobatic
A: (nimble swimmer 2), mertail
a: no special abilities


You were on level 4 of the Dungeon.
You visited 1 branch of the dungeon, and saw 4 of its levels.

You collected 149 gold pieces.

Inventory:

Hand Weapons
 a - a +0 trident (weapon)
Missiles
 d - 3 throwing nets (quivered)
Armour
 b - a +0 leather armour (worn)
 c - a +0 helmet (worn)
 e - a +0 pair of gloves (worn)
Jewellery
 h - an amulet of the acrobat (around neck)
 m - a ring of see invisible (left hand)
Scrolls
 g - a scroll of identify
Potions
 f - 2 potions of curing


   Skills:
 - Level 2.1 Fighting
 + Level 7.5 Polearms
 - Level 2.0 Throwing
 - Level 4.0 Dodging


You had 3 spell levels left.
You didn't know any spells.
Your spell library contained the following spells:

 Spells                   Type           Power      Damage    Failure   Level
 Ignite Poison            Fire/Tmut/Pois 0%         N/A       87%         3
 Mephitic Cloud           Conj/Pois/Air  0%         N/A       87%         3
 Freezing Cloud           Conj/Ice/Air   0%         6-21      100%        5


Dungeon Overview and Level Annotations

Branches:
Dungeon (4/15)
 Temple: D:4-7

Altars:

Annotations:
D:1 1 runed translucent door


Innate Abilities, Weirdness & Mutations

((You are very nimble when in or above water. (Stealth+, EV+, Speed+++)))
Your lower body shifts to a powerful aquatic tail in water.


Message History

No target in view!
No target in view!
No target in view!
No target in view!
HP restored.
A hobgoblin comes into view.
The hobgoblin shouts!
An orc comes into view. It is wielding a +0 flail.
The orc shouts!
You puncture the hobgoblin!
You kill the hobgoblin!
An orc comes into view. It is wielding a +0 club.
Found 15 sling bullets.
You see here a hobgoblin corpse.
An iguana comes into view.
The iguana hisses angrily.
The orc shouts!
You hear a shout!
You reach to attack!
You barely miss the orc. You hit the orc.
The orc is almost dead.
The orc hits you with a +0 flail.
You closely miss the orc.
The orc is almost dead.
You puncture the orc!
You kill the orc!
An orc priest comes into view. It is wielding a +0 short sword.
You puncture the orc!
You kill the orc!
You hit the iguana but do no damage. The iguana barely misses you.
You hit the iguana but do no damage. The iguana bites you!
You are too injured to fight recklessly!
You are too injured to fight recklessly!
You are too injured to fight recklessly!
You are too injured to fight recklessly!
You are too injured to fight recklessly!
You are too injured to fight recklessly!
You hit the iguana but do no damage. The iguana bites you.
You see here a hobgoblin corpse.
The orc priest calls down the wrath of Beogh upon you.
Beogh smites you!
You die...

....#.####.#.###..
..##............... #..
.<.......<....##### #..
..#.#....#....#....
...##.#.#.##.#)####.### # ..
...#......#.#..#.#
#.##.###.###.#..#....#.###
#.#...$...........#.##....(.
#......###.@.#.#.#######.###
#o†l...#.#.........#
.(....)......#.###########
.######.#.#....# #.#.#..#.#
#.#.##.#.# #.#.##...#
#.#.###.. #.#.# ..#


You could see an iguana and an orc priest.

Vanquished Creatures
  A gnoll (D:1)
  3 dart slugs
  3 orcs
  4 ball pythons (D:1)
  4 endoplasms
  A giant cockroach (D:1)
  4 hobgoblins
  9 jackals (D:1)
  9 quokkas
  7 bats
  2 frilled lizards
  3 goblins (D:3)
  7 kobolds
  5 rats (D:1)
62 creatures vanquished.

Notes
Turn   | Place    | Note
-------+----------+-------------------------------------------
     0 | D:1      | raph the Merfolk Gladiator began the quest for the Orb.
     0 | D:1      | Reached XP level 1. HP: 16/16 MP: 1/1
     1 | D:1      | Found a runed translucent door.
     2 | D:1      | Noticed a jelly
   122 | D:1      | Reached skill level 5 in Polearms
   123 | D:1      | Reached XP level 2. HP: 18/22 MP: 2/2
   480 | D:1      | Reached skill level 6 in Polearms
   480 | D:1      | Reached XP level 3. HP: 27/27 MP: 3/3
  1420 | D:2      | Reached XP level 4. HP: 29/33 MP: 4/4
  1522 | D:2      | Reached skill level 7 in Polearms
  2187 | D:3      | Found a faded altar of an unknown god.
  2444 | D:4      | Killed from afar by an orc priest

Illustrated notes

Levels and vault maps discovered:
D:1:      dpeg_arrival_caged_fury, layout_basic, dk_noncrumbling_2
D:2:      layout_rooms
D:3:      layout_rooms, shapermc_ecumenical_altar_venn
D:4:      layout_basic, mainiacjoe_overflow_24_doors

Skill      XL: |  1  2  3  4 |
---------------+-------------+-----
Polearms       | 5 6 7 |  7.5
Fighting       | |  2.1
Throwing       | |  2.0
Dodging        | |  4.0

Action                   |  1- 3 |  4- 6 || total
-------------------------+-------+-------++-------
Melee: Trident           |   111 |    61 ||   172
       Punch             |       |     1 ||     1
  Use: Scroll            |     6 |     1 ||     7
 Stab: Sleeping          |     1 |     1 ||     2
Armor: Leather armour    |    19 |    11 ||    30
Dodge: Dodged            |    69 |    26 ||    95
